 Dungeon Crawl Stone Soup version 0.28-a0-851-g8b9cc49659 (webtiles) character file.

Game seed: 9188268814730263296

338 ytrimaz the Covered (level 6, -3/49 HPs)
             Began as a Formicid Fighter on Nov 14, 2021.
             Slain by a gnoll sergeant (6 damage)
             ... on level 4 of the Dungeon.
             The game lasted 00:05:06 (4090 turns).

ytrimaz the Covered (Formicid Fighter)              Turns: 4090, Time: 00:05:06

Health: -3/49      AC:  9    Str: 23    XL:     6   Next: 86%
Magic:  6/6        EV:  8    Int:  7    God:
Gold:   69         SH:  4    Dex: 10    Spells: 5/5 levels left

rFire   . . .      SeeInvis +   a - +1 war axe
rCold   . . .      Faith    .   c - +0 buckler
rNeg    . . .      Spirit   .   l - +0 chain mail
rPois   .          Reflect  .   (helmet unavailable)
rElec   .          Harm     .   (no cloak)
rCorr   .          Rampage  .   (no gloves)
Will    .....                   (no boots)
Stlth   ..........              (no amulet)
HPRegen 0.16/turn               (no ring)
MPRegen 0.10/turn               (no ring)

@: no status effects
A: permanent stasis, dig shafts and tunnels, antennae 3, four strong arms
a: Dig, Shaft Self


You were on level 4 of the Dungeon.
You visited 1 branch of the dungeon, and saw 4 of its levels.

You collected 69 gold pieces.

Inventory:

Hand Weapons
 a - a +1 war axe (weapon)
Armour
 c - a +0 buckler (worn)
 i - a +0 kite shield
 l - a +0 chain mail (worn)
Wands
 j - a wand of polymorph (7)
Scrolls
 g - a scroll of enchant weapon
Potions
 d - a potion of curing
 e - a potion of lignification
 f - a potion of attraction {unknown}
 k - a potion of resistance


   Skills:
 + Level 4.3 Fighting
 - Level 2.2 Short Blades
 * Level 4.0 Axes
 + Level 4.8 Armour
 * Level 4.4 Shields


You had 5 spell levels left.
You didn't know any spells.
Your spell library contained the following spells:

 Spells                   Type           Power      Damage    Failure   Level
 Slow                     Hex            0%         N/A       98%         1
 Sting                    Tmut/Pois      0%         1d3       98%         1
 Poisonous Vapours        Pois/Air       0%         N/A       99%         2
 Confusing Touch          Hex            0%         N/A       100%        3
 Olgreb's Toxic Radiance  Pois           0%         N/A       100%        4
 Yara's Violent Unravell  Hex/Tmut       0%         3d3       100%        5


Dungeon Overview and Level Annotations

Branches:
Dungeon (4/15)
 Temple: D:4-7

Altars:
Cheibriados
Makhleb
Yredelemnul
Zin

Annotations:
D:4 2 runed translucent doors, Daunt's ghost, amateur MiAM


Innate Abilities, Weirdness & Mutations

You cannot be hasted, slowed, berserked, paralysed or teleported.
You can dig through walls and to a lower floor.
You have a pair of large antennae on your head. (SInv)
Your four strong arms can wield two-handed weapons with a shield.


Message History

You closely miss the goblin. The goblin hits you but does no damage.
You closely miss the goblin. You block the goblin's attack.
The gnoll sergeant barely misses you.
You barely miss the goblin. The goblin misses you.
The gnoll sergeant hits you from afar with a +0 trident!
The goblin barely misses you.
You slash the goblin!
You kill the goblin!
The gnoll sergeant barely misses you.
The gnoll sergeant hits you with a +0 trident!
Things that are here:
a +0 dagger; a goblin corpse You slash the gnoll sergeant!
The gnoll sergeant is heavily wounded.
You block the gnoll sergeant's attack. The gnoll sergeant closely misses you.
You hit the gnoll sergeant but do no damage.
The gnoll sergeant is heavily wounded.
You block the gnoll sergeant's attack.
You hit the gnoll sergeant.
The gnoll sergeant is heavily wounded.
The gnoll sergeant closely misses you.
You barely miss the gnoll sergeant.
The gnoll sergeant is heavily wounded.
The gnoll sergeant hits you but does no damage.
You hit the gnoll sergeant but do no damage.
The gnoll sergeant is heavily wounded.
The gnoll sergeant hits you with a +0 trident.
You block the gnoll sergeant's attack.
You hit the gnoll sergeant but do no damage.
The gnoll sergeant is heavily wounded.
The gnoll sergeant hits you with a +0 trident!
* * * LOW HITPOINT WARNING * * *
You closely miss the gnoll sergeant.
The gnoll sergeant is heavily wounded.
The gnoll sergeant hits you with a +0 trident!
* * * LOW HITPOINT WARNING * * *
You hit the gnoll sergeant.
The gnoll sergeant is heavily wounded.
The gnoll sergeant hits you with a +0 trident.
You die...

#..(.....
##8..8##.#
#........
#8...._###
#........
###..###
#........
#_.....#
#......#..
###..###
#......#..
#.....# #.
..... ###..##
#. .....
#.g..# #.
#...[#
##@.###
#.##....###
#....8#
#.<....#...#
#⌠#.###
#....#.#...#
#####
..).#......##
#...#..#.....
#...........
#.#†.....#
#.......##


You could see a gnoll sergeant.

Vanquished Creatures
  A scorpion (D:4)
  A wyvern zombie (D:4)
  Natasha (twice) (D:4)
  Robin (D:3)
  A gnoll (D:1)
  5 adders
  An adder skeleton (D:4)
  A worm (D:4)
  A dart slug (D:1)
  9 bats
  13 endoplasms
  3 giant cockroaches
  12 goblins
  13 hobgoblins
  3 jackals (D:4)
  6 quokkas
  3 ball pythons
  4 frilled lizards
  12 kobolds
  5 rats
97 creatures vanquished.

Notes
Turn   | Place    | Note
-------+----------+-------------------------------------------
     0 | D:1      | ytrimaz the Formicid Fighter began the quest for the Orb.
     0 | D:1      | Reached XP level 1. HP: 18/18 MP: 1/1
   190 | D:1      | Reached XP level 2. HP: 23/24 MP: 2/2
   509 | D:1      | Reached skill level 1 in Short Blades
   509 | D:1      | Reached XP level 3. HP: 18/30 MP: 3/3
  1223 | D:2      | Reached XP level 4. HP: 35/37 MP: 4/4
  1610 | D:2      | Found a faded altar of an unknown god.
  2223 | D:3      | Noticed Robin
  2237 | D:3      | Reached XP level 5. HP: 17/42 MP: 5/5
  2241 | D:3      | Killed Robin
  2946 | D:4      | Reached XP level 6. HP: 15/48 MP: 6/6
  3226 | D:4      | Found a snail-covered altar of Cheibriados.
  3788 | D:4      | Found a large runed translucent door.
  3788 | D:4      | Found a large runed translucent door.
  3797 | D:4      | Noticed Daunt's ghost (amateur MiAM)
  3812 | D:4      | Noticed Natasha
  3821 | D:4      | Killed Natasha
  3984 | D:4      | Noticed Natasha
  3999 | D:4      | Killed Natasha
  4023 | D:4      | Found a burning altar of Makhleb.
  4037 | D:4      | Found a basalt altar of Yredelemnul.
  4067 | D:4      | Found a glowing silver altar of Zin.
  4090 | D:4      | Slain by a gnoll sergeant

Illustrated notes

Levels and vault maps discovered:
D:1:      psy_arrival_fountain, layout_loops_ring
D:2:      minmay_door_path, layout_loops_ring,
          shapermc_ecumenical_altar_hornbeckon, st_stairs_8
D:3:      layout_basic, uniq_robin
D:4:      layout_cave_pools, mainiacjoe_overflow_24_doors, minitemple,
          cheibriados_altar_2, ebering_ghost_disaster_area,
          chequers_mini_garden, roderic_lattice_a, uniq_natasha

Skill      XL: |  1  2  3  4  5  6 |
---------------+-------------------+-----
Short Blades   | 1 2 |  2.2
Armour         | 4 |  4.8
Fighting       | 4 |  4.3
Axes           | 3 4 |  4.0
Shields        | 4 |  4.4

Action                   |  1- 3 |  4- 6 || total
-------------------------+-------+-------++-------
Melee: War axe           |    10 |   139 ||   149
       Dagger            |    85 |    39 ||   124
 Abil: Dig               |       |     3 ||     3
  Use: Scroll            |       |     6 ||     6
       Potion            |       |     5 ||     5
Armor: Scale mail        |    44 |    85 ||   129
       Chain mail        |       |    30 ||    30
Dodge: Dodged            |    31 |   105 ||   136
Block: Buckler           |    29 |    50 ||    79

Table legend: (Time is in decaauts)
 A = Elapsed time spent in this place.
 B = Non-inter-level travel time spent in this place.
 C = Inter-level travel time spent in this place.
 D = Time resting spent in this place.
 E = Time spent auto-exploring this place.
 F = Levels seen in this place.
 G = Mean time per level.
                   A        B        C        D        E       F      G
               +--------+--------+--------+--------+--------+-----+--------+
         Total |   4141 |   4042 |     99 |    400 |   2713 |   4 | 1035.2 |
       Dungeon |   4141 |   4042 |     99 |    400 |   2713 |   4 | 1035.2 |
               +--------+--------+--------+--------+--------+-----+--------+

Top non-repeatable levels by time:
     D:1: 1205 daAuts
     D:4: 994 daAuts
     D:3: 992 daAuts
     D:2: 949 daAuts
